[Event "GER-ch Youth U10 2019"]
[Site "Willingen"]
[Date "2019.06.10"]
[Round "3.4"]
[White "Grabs, Peter"]
[Black "Haubold, Sebastian Marcel"]
[Result "1-0"]
[ECO "B51"]
[WhiteElo "1575"]
[BlackElo "1506"]
[Annotator "NA"]
[PlyCount "139"]
[EventDate "2019.06.07"]
[EventType "swiss"]
[EventRounds "11"]
[EventCountry "GER"]
[SourceTitle "playchess.com"]
[Source "ChessBase"]
[SourceQuality "1"]
[TimeControl "40/4500+30:900+30"]

1. e4 c5 2. Nf3 d6 3. Bb5+ Nc6 4. O-O Bd7 5. Re1 Nf6 6. c3 a6 7. Bf1 Bg4 8. h3 Bxf3 9. Qxf3 g6 10. Qd1 Bh6 11. Na3 e5 12. Nc2 O-O 13. d4 Bxc1 14. Rxc1 Qb6 15. d5 Ne7 16. b3 Qa5 17. Ne3 b5 18. Qc2 Nd7 19. Bd3 Qb6 20. a4 Rab8 21. axb5 axb5 22. Ra1 Ra8 23. Ra2 Ra6 24. Rea1 Rfa8 25. Qb2 R8a7 26. Ra3 Qb7 27. R1a2 Qa8 28. Nc2 Qb7 29. Qa1 Rxa3 30. Rxa3 Rxa3 31. Nxa3 f5 32. f3 b4 33. Nc4 Qc7 34. cxb4 fxe4 35. fxe4 cxb4 36. Qa8+ Kg7 37. Qa5 Qb8 38. Bc2 Kf8 39. Kf2 Kg7 40. Ke2 Nc8 41. Qd8 Qb7 42. Bd3 h6 43. Na5 Qa7 44. Qxc8 Qxa5 45. Qxd7+ Kg8 46. Qe6+ Kg7 47. Qxd6 Qa2+ 48. Ke3 Qxg2 49. Qxe5+ Kf7 50. Qe6+ Kg7 51. Qg4 Qb2 52. Qd7+ Kg8 53. Qc8+ Kg7 54. Qb7+ Kf6 55. Qb6+ Kg7 56. Qd4+ Qxd4+ 57. Kxd4 Kf6 58. e5+ Ke7 59. d6+ Ke6 60. Bc4+ Kd7 61. Kc5 g5 62. e6+ Kd8 63. e7+ Kd7 64. Bb5+ Ke6 65. e8=Q+ Kf5 66. d7 g4 67. d8=Q gxh3 68. Qdd7+ Kf4 69. Qdf7+ Kg3 70. Qeg8+ {[%emt 0:00:06] normal} 1-0

[Event "GER-ch Youth U10 2019"]
[Site "Willingen"]
[Date "2019.06.10"]
[Round "3.5"]
[White "Kullmann, Max"]
[Black "Ermitsch, Magnus"]
[Result "0-1"]
[ECO "A45"]
[WhiteElo "1455"]
[BlackElo "1843"]
[Annotator "NA"]
[PlyCount "70"]
[EventDate "2019.06.07"]
[EventType "swiss"]
[EventRounds "11"]
[EventCountry "GER"]
[SourceTitle "playchess.com"]
[Source "ChessBase"]
[SourceQuality "1"]
[TimeControl "40/4500+30:900+30"]

1. d4 Nf6 2. Bf4 d5 3. e3 c5 4. c3 Nc6 5. Bd3 e6 6. Nf3 Bd6 7. Bg3 O-O 8. dxc5 Bxc5 9. h3 Re8 10. Bb5 Qb6 11. Bxc6 bxc6 12. Qc2 Ba6 13. Nbd2 Ne4 14. Bh2 Bxe3 15. fxe3 Qxe3+ 16. Kd1 Nf2+ 17. Kc1 Nxh1 18. Qd1 Nf2 19. Qc2 Bd3 20. Qa4 Be4 21. Qd4 Qe2 22. Nxe4 Nd3+ 23. Qxd3 Qxd3 24. Ned2 f6 25. Bd6 e5 26. Bc5 e4 27. Ne1 Qe2 28. Nc2 e3 29. Bxe3 Rxe3 30. Nxe3 Qxe3 31. Kc2 d4 32. cxd4 c5 33. dxc5 Qxc5+ 34. Kb3 Rb8+ 35. Ka4 Qb4# {normal} 0-1

[Event "GER-ch Youth U10 2019"]
[Site "Willingen"]
[Date "2019.06.10"]
[Round "3.6"]
[White "Meng, Yuxuan"]
[Black "Sommer, Justus"]
[Result "0-1"]
[ECO "C70"]
[WhiteElo "1288"]
[BlackElo "1684"]
[Annotator "NA"]
[PlyCount "70"]
[EventDate "2019.06.07"]
[EventType "swiss"]
[EventRounds "11"]
[EventCountry "GER"]
[SourceTitle "playchess.com"]
[Source "ChessBase"]
[SourceQuality "1"]
[TimeControl "40/4500+30:900+30"]

1. e4 e5 2. Nf3 Nc6 3. Bb5 a6 4. Ba4 b5 5. Bb3 Nf6 6. Qe2 Be7 7. a4 b4 8. c3 bxc3 9. bxc3 a5 10. d4 d6 11. Qc4 Kd7 12. Qxf7 Qe8 13. Qxg7 Ba6 14. Bg5 Nxe4 15. Bd5 Nxg5 16. Nxg5 Kc8 17. Bxc6 Qxc6 18. Qxh8+ Kb7 19. Qxh7 Bxg5 20. f3 exd4 21. cxd4 Qc1+ 22. Kf2 Qe3+ 23. Kg3 Qf4+ 24. Kh3 Qf6 25. Qe4+ Ka7 26. g4 Bb7 27. Qf5 Rh8+ 28. Kg2 Qe7 29. Qxa5+ Kb8 30. Qe1 Qf6 31. Qf2 Qf4 32. d5 Bxd5 33. Qg3 Qd4 34. Ra3 Bh4 35. Qh3 Qf2# {[%emt 0:00:17] normal} 0-1

[Event "GER-ch Youth U10 2019"]
[Site "Willingen"]
[Date "2019.06.10"]
[Round "3.7"]
[White "Klaska, Philipp Leon"]
[Black "Jahnz, Laurin"]
[Result "1/2-1/2"]
[ECO "C54"]
[WhiteElo "1444"]
[BlackElo "1497"]
[Annotator "NA"]
[PlyCount "47"]
[EventDate "2019.06.07"]
[EventType "swiss"]
[EventRounds "11"]
[EventCountry "GER"]
[SourceTitle "playchess.com"]
[Source "ChessBase"]
[SourceQuality "1"]
[TimeControl "40/4500+30:900+30"]

1. e4 e5 2. Nf3 Nc6 3. Bc4 Bc5 4. c3 Nf6 5. d4 exd4 6. cxd4 Bb4+ 7. Bd2 Bxd2+ 8. Nbxd2 d5 9. exd5 Nxd5 10. O-O O-O 11. Rc1 Nb6 12. Bb3 a5 13. a4 Bg4 14. h3 Bh5 15. Rc5 Bg6 16. Nc4 Nxc4 17. Bxc4 Nb4 18. b3 Re8 19. Re1 Rxe1+ 20. Qxe1 Bd3 21. Qc3 Bxc4 22. Qxc4 c6 23. Re5 Nd5 24. Nd2 {[%emt 0:10:18] normal} 1/2-1/2

[Event "GER-ch Youth U10 2019"]
[Site "Willingen"]
[Date "2019.06.10"]
[Round "3.8"]
[White "Möller, Tom"]
[Black "Haubold, Christian Lucas"]
[Result "0-1"]
[ECO "B23"]
[WhiteElo "1229"]
[BlackElo "1387"]
[Annotator "NA"]
[PlyCount "52"]
[EventDate "2019.06.07"]
[EventType "swiss"]
[EventRounds "11"]
[EventCountry "GER"]
[SourceTitle "playchess.com"]
[Source "ChessBase"]
[SourceQuality "1"]
[TimeControl "40/4500+30:900+30"]

1. e4 c5 2. Nc3 d6 3. d3 Nf6 4. f3 g6 5. Be3 Bg7 6. Qd2 Bd7 7. Nge2 Nc6 8. g3 O-O 9. Bh6 b5 10. h4 b4 11. Nd1 a5 12. h5 a4 13. a3 Qb6 14. c3 bxa3 15. bxa3 Na5 16. hxg6 fxg6 17. Qa2+ Qb3 18. Bxg7 Qxa2 19. Rxa2 Kxg7 20. Bh3 Rab8 21. Rb2 Rxb2 22. Nxb2 e6 23. Kf2 Rb8 24. Rb1 Rb3 25. Nc4 Nxc4 26. Ra1 Rxa3 {[%emt 0:00:30] normal} 0-1

[Event "GER-ch Youth U10 2019"]
[Site "Willingen"]
[Date "2019.06.10"]
[Round "3.9"]
[White "Birkenheier, Nicolas"]
[Black "Arora, Abhiraaj"]
[Result "0-1"]
[ECO "C50"]
[WhiteElo "1160"]
[BlackElo "1454"]
[Annotator "NA"]
[PlyCount "96"]
[EventDate "2019.06.07"]
[EventType "swiss"]
[EventRounds "11"]
[EventCountry "GER"]
[SourceTitle "playchess.com"]
[Source "ChessBase"]
[SourceQuality "1"]
[TimeControl "40/4500+30:900+30"]

1. e4 e5 2. Nf3 Nc6 3. Bc4 Bc5 4. d3 d6 5. c3 Nf6 6. O-O Bg4 7. Nbd2 O-O 8. h3 Bh5 9. Re1 a6 10. Bb3 Re8 11. Nf1 d5 12. Ng3 Bg6 13. Nh4 Nxe4 14. dxe4 Qxh4 15. exd5 Qxg3 16. Qe2 Ne7 17. Be3 Bxe3 18. Qxe3 Qxe3 19. Rxe3 Nf5 20. Re2 Nd6 21. Rae1 e4 22. c4 Rad8 23. c5 Nb5 24. Rd1 h5 25. Red2 e3 26. fxe3 Rxe3 27. Bc4 Na7 28. d6 cxd6 29. cxd6 Nc8 30. Kf2 Re5 31. d7 Nb6 32. Bb3 Re7 33. g3 Rexd7 34. Rxd7 Rxd7 35. Re1 Rd2+ 36. Kg1 Kf8 37. h4 Rxb2 38. Re3 Bc2 39. Bxc2 Rxc2 40. Ra3 Nc4 41. Rb3 b5 42. Rd3 Rxa2 43. Kh1 Ne5 44. Re3 {[%emt 0:00:26] normal} b4 {[%emt 0:03:00] normal} 45. Rxe5 {[%emt 0:00:34] normal} b3 {[%emt 0:00:31] normal} 46. Re4 {[%emt 0:00:27] normal} b2 47. Rb4 {[%emt 0:00:15] normal} Ra1+ {[%emt 0:00:12] normal} 48. Kh2 b1=Q {[%emt 0:00:12] normal} 0-1

[Event "GER-ch Youth U10 2019"]
[Site "Willingen"]
[Date "2019.06.10"]
[Round "4.1"]
[White "Sauer, Tim"]
[Black "Besou, Hussain"]
[Result "0-1"]
[ECO "A25"]
[WhiteElo "1553"]
[BlackElo "1785"]
[Annotator "NA"]
[PlyCount "36"]
[EventDate "2019.06.07"]
[EventType "swiss"]
[EventRounds "11"]
[EventCountry "GER"]
[SourceTitle "playchess.com"]
[Source "ChessBase"]
[SourceQuality "1"]
[TimeControl "40/4500+30:900+30"]

1. c4 e5 2. Nc3 Nc6 3. g3 g6 4. Bg2 d6 5. e3 Bg7 6. Nge2 Nh6 7. O-O Be6 8. b3 Qd7 9. d4 Bh3 10. d5 Bxg2 11. Kxg2 Ne7 12. Bb2 O-O 13. Ne4 Ng4 14. h3 Nf6 15. Nxf6+ Bxf6 16. e4 Bg7 17. f4 f5 18. Qc2 Rae8 {[%emt 0:05:11] normal} 0-1

[Event "GER-ch Youth U10 2019"]
[Site "Willingen"]
[Date "2019.06.10"]
[Round "4.2"]
[White "Ermitsch, Magnus"]
[Black "Grabs, Peter"]
[Result "0-1"]
[ECO "C06"]
[WhiteElo "1843"]
[BlackElo "1575"]
[Annotator "NA"]
[PlyCount "87"]
[EventDate "2019.06.07"]
[EventType "swiss"]
[EventRounds "11"]
[EventCountry "GER"]
[SourceTitle "playchess.com"]
[Source "ChessBase"]
[SourceQuality "1"]
[TimeControl "40/4500+30:900+30"]

1. e4 e6 2. d4 d5 3. Nd2 Nf6 4. e5 Nfd7 5. Bd3 c5 6. c3 Nc6 7. Ne2 cxd4 8. cxd4 f6 9. exf6 Nxf6 10. O-O Bd6 11. Nf3 O-O 12. Bf4 Bxf4 13. Nxf4 Qd6 14. Qc1 Bd7 15. Re1 Rac8 16. Ng5 Nxd4 17. Qe3 Nf5 18. Qe5 Qxe5 19. Rxe5 Rfe8 20. Rae1 Nd4 21. h3 Nc6 22. R5e3 e5 23. Nh5 e4 24. Nxf6+ gxf6 25. Bxe4 dxe4 26. Nxe4 Re6 27. Rd1 Be8 28. Rd6 Kf7 29. Ng5+ fxg5 30. Rdxe6 Rd8 31. R6e4 h6 32. h4 Rd1+ 33. Kh2 Bd7 34. hxg5 hxg5 35. Rg3 Kg6 36. Rge3 Rd2 37. Re2 Rd1 38. f3 Rd3 39. R4e3 Rd4 40. Kg3 Kf5 41. Re4 Rd3 42. Re1 Rd2 43. R4e2 Rd3 44. Rh1 {[%emt 0:00:00] normal} 0-1

[Event "GER-ch Youth U10 2019"]
[Site "Willingen"]
[Date "2019.06.10"]
[Round "4.3"]
[White "Haubold, Christian Lucas"]
[Black "Helms, Finn"]
[Result "0-1"]
[ECO "B15"]
[WhiteElo "1387"]
[BlackElo "1773"]
[Annotator "NA"]
[PlyCount "63"]
[EventDate "2019.06.07"]
[EventType "swiss"]
[EventRounds "11"]
[EventCountry "GER"]
[SourceTitle "playchess.com"]
[Source "ChessBase"]
[SourceQuality "1"]
[TimeControl "40/4500+30:900+30"]

1. e4 c6 2. d4 d5 3. Nd2 dxe4 4. Nxe4 Nf6 5. Ng3 Bg4 6. Be2 Bxe2 7. N1xe2 e6 8. O-O h5 9. Qd3 Bd6 10. Bg5 Qc7 11. h3 Nbd7 12. c4 h4 13. Ne4 Nxe4 14. Qxe4 Nf6 15. Qf3 O-O-O 16. Rfc1 Rdg8 17. d5 exd5 18. Bxf6 gxf6 19. cxd5 c5 20. b4 b6 21. a4 Kb8 22. a5 Qb7 23. bxc5 Bxc5 24. axb6 Bxb6 25. Rab1 Rg5 26. Qf4+ Ka8 27. Qxf6 Rhg8 28. Nf4 Qd7 29. Qc6+ Qb7 30. Qxb7+ Kxb7 31. d6 Rf5 32. Nd3 {[%emt 0:01:27] normal} 0-1

[Event "GER-ch Youth U10 2019"]
[Site "Willingen"]
[Date "2019.06.10"]
[Round "4.4"]
[White "Sommer, Justus"]
[Black "Arora, Abhiraaj"]
[Result "1-0"]
[ECO "C54"]
[WhiteElo "1684"]
[BlackElo "1454"]
[Annotator "NA"]
[PlyCount "64"]
[EventDate "2019.06.07"]
[EventType "swiss"]
[EventRounds "11"]
[EventCountry "GER"]
[SourceTitle "playchess.com"]
[Source "ChessBase"]
[SourceQuality "1"]
[TimeControl "40/4500+30:900+30"]

1. e4 e5 2. Nf3 Nc6 3. Bc4 Bc5 4. c3 Nf6 5. d3 d6 6. a4 a6 7. Bb3 Bg4 8. Nbd2 d5 9. exd5 Nxd5 10. Ne4 Bb6 11. O-O O-O 12. Re1 Re8 13. Ng3 Nf4 14. d4 Ng6 15. h3 Bxf3 16. Qxf3 Qd7 17. d5 Na7 18. a5 Bc5 19. Ne4 Be7 20. Be3 Nb5 21. c4 Nd4 22. Bxd4 exd4 23. c5 Nh4 24. Qd3 f5 25. d6+ Kh8 26. dxe7 fxe4 27. Rxe4 Nf5 28. Be6 Qxe7 29. Bxf5 Qxc5 30. Rxd4 h6 31. b4 Qe5 32. Rd1 b6 {[%emt 0:04:39] normal} 1-0

[Event "GER-ch Youth U10 2019"]
[Site "Willingen"]
[Date "2019.06.10"]
[Round "4.5"]
[White "Fietz, Nils"]
[Black "Klaska, Philipp Leon"]
[Result "1/2-1/2"]
[ECO "B07"]
[WhiteElo "1677"]
[BlackElo "1444"]
[Annotator "NA"]
[PlyCount "62"]
[EventDate "2019.06.07"]
[EventType "swiss"]
[EventRounds "11"]
[EventCountry "GER"]
[SourceTitle "playchess.com"]
[Source "ChessBase"]
[SourceQuality "1"]
[TimeControl "40/4500+30:900+30"]

1. e4 d6 2. d4 Nf6 3. Nc3 g6 4. Bc4 Bg7 5. Qe2 e5 6. dxe5 dxe5 7. Nf3 Nbd7 8. Be3 O-O 9. O-O c6 10. Rad1 Qc7 11. Ng5 h6 12. Nxf7 Rxf7 13. Bxf7+ Kxf7 14. Qc4+ Kf8 15. Bc5+ Nxc5 16. Qxc5+ Qe7 17. Rd8+ Kf7 18. Qxe7+ Kxe7 19. Rfd1 b6 20. f3 Bb7 21. Rxa8 Bxa8 22. Kf2 Bb7 23. Ke3 Bc8 24. b4 Be6 25. a4 Ne8 26. b5 c5 27. Nd5+ Bxd5 28. exd5 Nd6 29. Re1 Nf5+ 30. Kd3 Kd6 31. c4 g5 {[%emt 0:06:52] normal} 1/2-1/2

[Event "GER-ch Youth U10 2019"]
[Site "Willingen"]
[Date "2019.06.10"]
[Round "4.6"]
[White "Malinowsky, Levi"]
[Black "Dordevic, Tom"]
[Result "1/2-1/2"]
[ECO "B43"]
[WhiteElo "1400"]
[BlackElo "1158"]
[Annotator "NA"]
[PlyCount "28"]
[EventDate "2019.06.07"]
[EventType "swiss"]
[EventRounds "11"]
[EventCountry "GER"]
[SourceTitle "playchess.com"]
[Source "ChessBase"]
[SourceQuality "1"]
[TimeControl "40/4500+30:900+30"]

1. e4 c5 2. Nf3 e6 3. d4 cxd4 4. Nxd4 a6 5. Nc3 Qc7 6. Bd3 Nc6 7. Nb3 Nf6 8. O-O Be7 9. f4 d6 10. Be3 b5 11. a3 Bb7 12. Qf3 Rd8 13. Ne2 d5 14. e5 Ne4 {[%emt 0:02:17] normal} 1/2-1/2

[Event "GER-ch Youth U10 2019"]
[Site "Willingen"]
[Date "2019.06.10"]
[Round "4.7"]
[White "Haubold, Sebastian Marcel"]
[Black "Scheerer, Julian"]
[Result "1/2-1/2"]
[ECO "C96"]
[WhiteElo "1506"]
[BlackElo "1395"]
[Annotator "NA"]
[PlyCount "114"]
[EventDate "2019.06.07"]
[EventType "swiss"]
[EventRounds "11"]
[EventCountry "GER"]
[SourceTitle "playchess.com"]
[Source "ChessBase"]
[SourceQuality "1"]
[TimeControl "40/4500+30:900+30"]

1. e4 e5 2. Nf3 Nc6 3. Bb5 a6 4. Ba4 Nf6 5. O-O Be7 6. Re1 b5 7. Bb3 O-O 8. c3 d6 9. h3 Na5 10. Bc2 c5 11. d4 Nc6 12. Be3 Qc7 13. Nbd2 g6 14. Rc1 Nh5 15. dxc5 dxc5 16. Nh2 Ng7 17. Bh6 Be6 18. Re3 c4 19. Qf3 Rfd8 20. Re2 Rd7 21. Ng4 Qd8 22. Qg3 Bh4 23. Qe3 Nh5 24. Qc5 Qc7 25. Nf3 Be7 26. Qe3 Nf4 27. Ree1 Nd3 28. Bxd3 Rxd3 29. Qe2 Rad8 30. Rc2 Qd6 31. Rd2 Rxd2 32. Qxd2 Qxd2 33. Bxd2 a5 34. Be3 f6 35. Kf1 b4 36. Ke2 Kf7 37. Rd1 Ke8 38. Rxd8+ Kxd8 39. Kd2 Kc7 40. Kc2 Kd6 41. Bd2 Kc5 42. Be3+ Kb5 43. Bd2 b3+ 44. Kb1 bxa2+ 45. Kxa2 Nb8 46. Ne1 Na6 47. Be3 h5 48. Nh2 Nc5 49. Bxc5 Bxc5 50. f3 f5 51. Nc2 fxe4 52. fxe4 Ka4 53. Na3 g5 54. Nf3 g4 55. hxg4 hxg4 56. Nxe5 Bxa3 57. bxa3 Kb5 {[%emt 0:00:52] normal} 1/2-1/2

[Event "GER-ch Youth U10 2019"]
[Site "Willingen"]
[Date "2019.06.10"]
[Round "4.8"]
[White "Jahnz, Laurin"]
[Black "Navarro Jahnke, Leo"]
[Result "0-1"]
[ECO "B29"]
[WhiteElo "1497"]
[BlackElo "1334"]
[Annotator "NA"]
[PlyCount "35"]
[EventDate "2019.06.07"]
[EventType "swiss"]
[EventRounds "11"]
[EventCountry "GER"]
[SourceTitle "playchess.com"]
[Source "ChessBase"]
[SourceQuality "1"]
[TimeControl "40/4500+30:900+30"]

1. e4 c5 2. Nf3 Nf6 3. e5 Nd5 4. Nc3 e6 5. Nxd5 exd5 6. c3 d6 7. exd6 Bxd6 8. d4 O-O 9. Be2 Nc6 10. h3 Bf5 11. O-O b6 12. Be3 Re8 13. Re1 c4 14. Rc1 b5 15. b3 Ba3 16. bxc4 Bxc1 17. Bxc1 bxc4 18. Qa4 {[%emt 0:02:36] normal} 0-1

[Event "GER-ch Youth U10 2019"]
[Site "Willingen"]
[Date "2019.06.10"]
[Round "4.9"]
[White "Ruddat, Jarne"]
[Black "Fruth, David"]
[Result "1-0"]
[ECO "C42"]
[WhiteElo "1350"]
[BlackElo "1423"]
[Annotator "NA"]
[PlyCount "40"]
[EventDate "2019.06.07"]
[EventType "swiss"]
[EventRounds "11"]
[EventCountry "GER"]
[SourceTitle "playchess.com"]
[Source "ChessBase"]
[SourceQuality "1"]
[TimeControl "40/4500+30:900+30"]

1. e4 e5 2. Nf3 Nf6 3. Nc3 Bb4 4. Nxe5 O-O 5. Be2 d6 6. Nf3 Bxc3 7. dxc3 Nxe4 8. O-O Nc6 9. Bd3 Nf6 10. Be3 Bg4 11. h3 Bxf3 12. Qxf3 h6 13. Rad1 Qc8 14. Bxh6 Qe6 15. Bf4 Qxa2 16. Ra1 Qxb2 17. Rfb1 Nd4 18. Rxb2 Nxf3+ 19. gxf3 Nd5 20. Bg3 Nb6 {[%emt 0:01:13] normal} 1-0

[Event "GER-ch Youth U10 2019"]
[Site "Willingen"]
[Date "2019.06.11"]
[Round "5.1"]
[White "Besou, Hussain"]
[Black "Grabs, Peter"]
[Result "0-1"]
[ECO "A20"]
[WhiteElo "1785"]
[BlackElo "1575"]
[Annotator "NA"]
[PlyCount "101"]
[EventDate "2019.06.07"]
[EventType "swiss"]
[EventRounds "11"]
[EventCountry "GER"]
[SourceTitle "playchess.com"]
[Source "ChessBase"]
[SourceQuality "1"]
[TimeControl "40/4500+30:900+30"]

1. c4 e5 2. a3 Nf6 3. Nc3 Bc5 4. b4 Be7 5. g3 O-O 6. Bg2 c6 7. Qb3 d6 8. d3 Be6 9. Nf3 Nbd7 10. e4 h6 11. a4 a5 12. O-O axb4 13. Qxb4 d5 14. Qb1 dxc4 15. dxc4 Bxc4 16. Rd1 Qc7 17. Nd2 Be6 18. h3 Bc5 19. Ba3 Bxa3 20. Rxa3 Rfd8 21. Qc2 Qa5 22. Raa1 Nc5 23. Bf1 Rd7 24. Nc4 Bxc4 25. Bxc4 Rad8 26. f3 Rxd1+ 27. Rxd1 Rxd1+ 28. Nxd1 Qxa4 29. Qxa4 Nxa4 30. Kf2 Kf8 31. g4 Ke7 32. Ke2 Nd7 33. Ne3 g6 34. Kd2 b5 35. Ba2 Ndb6 36. Kc2 Nc5 37. h4 Ne6 38. Kc3 c5 39. Bb3 Nd4 40. Bd1 Kd6 41. h5 b4+ 42. Kd3 Kc6 43. g5 gxh5 44. gxh6 Ne6 45. Nd5 c4+ 46. Kd2 Ng5 47. Nf6 h4 48. Be2 b3 49. h7 Nxh7 50. Nxh7 h3 51. Bf1 {[%emt 0:01:30] normal} 0-1

[Event "GER-ch Youth U10 2019"]
[Site "Willingen"]
[Date "2019.06.11"]
[Round "5.2"]
[White "Helms, Finn"]
[Black "Sommer, Justus"]
[Result "1-0"]
[ECO "D00"]
[WhiteElo "1773"]
[BlackElo "1684"]
[Annotator "NA"]
[PlyCount "82"]
[EventDate "2019.06.07"]
[EventType "swiss"]
[EventRounds "11"]
[EventCountry "GER"]
[SourceTitle "playchess.com"]
[Source "ChessBase"]
[SourceQuality "1"]
[TimeControl "40/4500+30:900+30"]

1. d4 d5 2. Bf4 Nf6 3. e3 e6 4. Nf3 c5 5. c3 Nc6 6. Nbd2 Bd6 7. Bg3 O-O 8. Bd3 Qe7 9. Ne5 Nd7 10. Nxd7 Bxd7 11. Bxd6 Qxd6 12. dxc5 Qxc5 13. Bxh7+ Kxh7 14. Qh5+ Kg8 15. Ne4 g6 16. Nxc5 gxh5 17. Nxd7 Rfd8 18. Nf6+ Kf8 19. Nxh5 Ne5 20. Ke2 Ke7 21. Nf4 Rd6 22. Nd3 Nc4 23. b3 Nb6 24. h4 Rc6 25. Rac1 Rac8 26. Kd2 Nd7 27. f3 e5 28. g4 Rd6 29. Nb2 Rf6 30. Ke2 Ra6 31. a4 Rb6 32. b4 Rbc6 33. Rhd1 Ke6 34. Rd3 Nf6 35. g5 Nh5 36. Rcd1 Rxc3 37. Rxd5 Rb3 38. Rd6+ Kf5 39. Nd3 Rc2+ 40. Rd2 Ng3+ 41. Kd1 Rxd2+ {[%emt 0:25:15] normal} 1-0

[Event "GER-ch Youth U10 2019"]
[Site "Willingen"]
[Date "2019.06.11"]
[Round "5.4"]
[White "Navarro Jahnke, Leo"]
[Black "Dorendorf, Mika"]
[Result "1-0"]
[ECO "A20"]
[WhiteElo "1334"]
[BlackElo "1398"]
[Annotator "NA"]
[PlyCount "44"]
[EventDate "2019.06.07"]
[EventType "swiss"]
[EventRounds "11"]
[EventCountry "GER"]
[SourceTitle "playchess.com"]
[Source "ChessBase"]
[SourceQuality "1"]
[TimeControl "40/4500+30:900+30"]

1. c4 e5 2. Nf3 Nc6 3. d4 exd4 4. Nxd4 Bc5 5. e3 Nge7 6. b3 O-O 7. Be2 d6 8. Bb2 Bd7 9. O-O Ng6 10. Nd2 Nxd4 11. exd4 Bb6 12. a4 a5 13. Nf3 Nf4 14. Re1 Nxe2+ 15. Qxe2 Re8 16. Qd3 Qc8 17. Rad1 Bf5 18. Rxe8+ Qxe8 19. Qxf5 g6 20. Qd3 c5 21. d5 Bd8 22. Qc3 {[%emt 0:00:54] normal} f6 1-0

[Event "GER-ch Youth U10 2019"]
[Site "Willingen"]
[Date "2019.06.11"]
[Round "5.5"]
[White "Fietz, Nils"]
[Black "Freude, Paul"]
[Result "1/2-1/2"]
[ECO "B22"]
[WhiteElo "1677"]
[BlackElo "1713"]
[Annotator "NA"]
[PlyCount "115"]
[EventDate "2019.06.07"]
[EventType "swiss"]
[EventRounds "11"]
[EventCountry "GER"]
[SourceTitle "playchess.com"]
[Source "ChessBase"]
[SourceQuality "1"]
[TimeControl "40/4500+30:900+30"]

1. e4 c5 2. c3 Nf6 3. e5 Nd5 4. d4 cxd4 5. cxd4 e6 6. Nf3 b6 7. Bc4 Bb7 8. O-O Be7 9. Nbd2 O-O 10. Re1 d6 11. Ne4 dxe5 12. dxe5 Na6 13. Qe2 Nc5 14. Nxc5 Bxc5 15. Bg5 Qb8 16. Rab1 a5 17. a3 a4 18. Nd2 h6 19. Bh4 Nf4 20. Qg4 Ng6 21. Bg3 Qd8 22. Rbd1 Qd4 23. Bxe6 fxe6 24. Qxg6 Bd5 25. Ne4 Qxb2 26. Nf6+ Rxf6 27. exf6 Qxf6 28. Qxf6 gxf6 29. Rd3 Rc8 30. Bf4 Kh7 31. Rc1 Rg8 32. Rg3 Rxg3 33. hxg3 Bb3 34. Be3 Bxa3 35. Rc7+ Kg6 36. Bxb6 Bb2 37. Bc5 Kf5 38. Kf1 Bc4+ 39. Ke1 Bc3+ 40. Kd1 Bb3+ 41. Kc1 Be1 42. Rh7 Kg6 43. Rh8 Bd5 44. Be3 Bxg2 45. Rxh6+ Kg7 46. Rh2 Bd5 47. Kb2 Bb3 48. Bd4 Kg6 49. Bc3 Bxc3+ 50. Kxc3 Kg5 51. f3 Bd5 52. Rf2 f5 53. Kd4 f4 54. gxf4+ Kxf4 55. Rf1 Bxf3 56. Ra1 Bc6 57. Re1 Bd5 58. Rxe6 {normal} 1/2-1/2

[Event "GER-ch Youth U10 2019"]
[Site "Willingen"]
[Date "2019.06.11"]
[Round "5.6"]
[White "Huber, Benedikt"]
[Black "Ermitsch, Magnus"]
[Result "1/2-1/2"]
[ECO "B23"]
[WhiteElo "1441"]
[BlackElo "1843"]
[Annotator "NA"]
[PlyCount "75"]
[EventDate "2019.06.07"]
[EventType "swiss"]
[EventRounds "11"]
[EventCountry "GER"]
[SourceTitle "playchess.com"]
[Source "ChessBase"]
[SourceQuality "1"]
[TimeControl "40/4500+30:900+30"]

1. e4 c5 2. Nc3 e6 3. g3 Nc6 4. Bg2 a6 5. d3 g6 6. Be3 d6 7. Qd2 Bg7 8. Nge2 Nge7 9. Bh6 O-O 10. h4 Ne5 11. f3 b5 12. h5 N7c6 13. hxg6 hxg6 14. Bxg7 Kxg7 15. Qh6+ Kf6 16. f4 Bb7 17. fxe5+ dxe5 18. Qh4+ Kg7 19. Qxd8 Raxd8 20. a3 Ne7 21. Kd2 Nc6 22. Rh2 c4 23. Rah1 Na5 24. Nc1 Bc6 25. Rh7+ Kf6 26. Rf1+ Ke7 27. g4 Be8 28. g5 Kd6 29. Rh6 Rg8 30. N1a2 Kc5 31. Nb4 Kb6 32. Rfh1 cxd3 33. cxd3 Nc4+ 34. Kc1 Ne3 35. Bf1 a5 36. Nc2 Nxf1 37. Rxf1 Rxd3 {[%emt 0:00:37] normal} 38. Rhh1 {[%emt 0:02:40] normal} 1/2-1/2

[Event "GER-ch Youth U10 2019"]
[Site "Willingen"]
[Date "2019.06.11"]
[Round "5.7"]
[White "Scheerer, Julian"]
[Black "Malinowsky, Levi"]
[Result "1/2-1/2"]
[ECO "C54"]
[WhiteElo "1395"]
[BlackElo "1400"]
[Annotator "NA"]
[PlyCount "64"]
[EventDate "2019.06.07"]
[EventType "swiss"]
[EventRounds "11"]
[EventCountry "GER"]
[SourceTitle "playchess.com"]
[Source "ChessBase"]
[SourceQuality "1"]
[TimeControl "40/4500+30:900+30"]

1. e4 e5 2. Nf3 Nc6 3. Bc4 Bc5 4. c3 Nf6 5. d4 exd4 6. cxd4 Bb4+ 7. Bd2 Bxd2+ 8. Nbxd2 d5 9. exd5 Nxd5 10. O-O O-O 11. Ne5 Nxe5 12. dxe5 Nb6 13. Bb3 Bf5 14. Bc2 Bxc2 15. Qxc2 Qe7 16. Rfe1 Rad8 17. Rad1 Rd7 18. Nf3 Rfd8 19. Rd2 Rxd2 20. Nxd2 Rd5 21. Nf3 Qc5 22. Qe2 Qc4 23. Qe3 Rd3 24. Qe2 Rd8 25. Rd1 Rxd1+ 26. Qxd1 Qd5 27. Qd4 c5 28. Qxd5 Nxd5 29. Nd2 Nb4 30. a4 Nd3 31. Nc4 {[%emt 0:00:11] normal} a6 32. a5 {[%emt 0:00:39] normal} Kf8 {[%emt 0:02:47] normal} 1/2-1/2

[Event "GER-ch Youth U10 2019"]
[Site "Willingen"]
[Date "2019.06.11"]
[Round "5.8"]
[White "Klaska, Philipp Leon"]
[Black "Zobel, Christian"]
[Result "1/2-1/2"]
[ECO "C54"]
[WhiteElo "1444"]
[BlackElo "1404"]
[Annotator "NA"]
[PlyCount "47"]
[EventDate "2019.06.07"]
[EventType "swiss"]
[EventRounds "11"]
[EventCountry "GER"]
[SourceTitle "playchess.com"]
[Source "ChessBase"]
[SourceQuality "1"]
[TimeControl "40/4500+30:900+30"]

1. e4 e5 2. Nf3 Nc6 3. Bc4 Bc5 4. c3 Nf6 5. d4 exd4 6. cxd4 Bb4+ 7. Bd2 Bxd2+ 8. Nbxd2 d5 9. exd5 Nxd5 10. O-O O-O 11. Rc1 Bg4 12. h3 Bh5 13. Bxd5 Qxd5 14. Rc5 Bxf3 15. Rxd5 Bxd1 16. Rxd1 Rad8 17. Rxd8 Rxd8 18. Nf3 f6 19. Kf1 Kf7 20. Ke2 Nb4 21. a3 Re8+ 22. Kd2 Nd5 23. g3 Re6 {[%emt 0:04:28] normal} 24. Kd3 {[%emt 0:02:21] normal} 1/2-1/2